General information
- name: BNet
- type: Ladder team game (AT/RT)
- host: Battle.net
- saver: GODIEPLZ
map: GnollWood
- players: 6
- length: 15:19
- speed: Fast
- version: 1.24 W3XP
- replay type: Public
» download(134 KB)
Players
team 1 (loser)
DucksNpie (
yellow | 143 APM | 2151 actions | 15:04)
4 Archmage
2 Summon Water Elemental
2 Brilliance Aura
1 Mountain King
1 Storm Bolt
» actions
| Assign group hotkey | 21 | |
| Basic commands | 54 | |
| Build / train | 55 | |
| Enter build submenu | 21 | |
| Enter hero's abilities submenu | 5 | |
| Remove unit from queue | 1 | |
| Right click | 727 | |
| Select / deselect | 221 | |
| Select group hotkey | 957 | |
| Use ability | 89 | |
2151 total
» units
| Peasant | 9 | |
| Footman | 9 | |
| Mortar Team | 9 | |
| Sorceress | 7 | |
34 total
» upgrades
» buildings
| Altar of Kings | 1 | |
| Farm | 6 | |
| Barracks | 1 | |
| Keep | 1 | |
| Lumber Mill | 1 | |
| Blacksmith | 1 | |
| Scout Tower | 1 | |
| Guard Tower | 1 | |
| Workshop | 1 | |
| Arcane Sanctum | 1 | |
| Arcane Vault | 1 | |
16 total
» build order
00:12 Altar of Kings
00:21 Farm
00:23 Barracks
01:00 Farm
02:23 Farm
03:16 Keep
03:25 Lumber Mill
03:28 Blacksmith
03:48 Farm
03:51 Scout Tower
04:39 Guard Tower
06:36 Workshop
07:45 Arcane Sanctum
07:51 Farm
07:53 Farm
08:29 Arcane Vault
» items
| Scroll of Town Portal | 2 | |
| Scroll of Regeneration | 2 | |
| Lesser Clarity Potion | 2 | |
| Potion of Healing | 2 | |
8 total
kyle_san (
blue | 96 APM | 1461 actions | 15:09)
2 Keeper of the Grove
1 Entangling Roots
1 Force of Nature
1 Priestess of the Moon
1 Searing Arrows
» actions
| Assign group hotkey | 39 | |
| Basic commands | 147 | |
| Build / train | 60 | |
| Enter build submenu | 11 | |
| Enter hero's abilities submenu | 3 | |
| Right click | 514 | |
| Select / deselect | 323 | |
| Select group hotkey | 316 | |
| Use ability | 48 | |
1461 total
» units
» upgrades
| Ultravision | 1 | |
| Abolish Magic | 1 | |
| Strength of the Wild | 1 | |
3 total
» buildings
| Altar of Elders | 1 | |
| Moon Well | 4 | |
| Ancient of War | 1 | |
| Hunter's Hall | 1 | |
| Tree of Ages | 1 | |
| Ancient of Wonders | 1 | |
| Ancient of Lore | 2 | |
11 total
» build order
00:06 Altar of Elders
00:08 Moon Well
01:56 Ancient of War
01:59 Hunter's Hall
02:08 Moon Well
03:11 Tree of Ages
03:34 Moon Well
05:00 Ancient of Wonders
05:49 Ancient of Lore
06:06 Ancient of Lore
07:55 Moon Well
» items
| Lesser Clarity Potion | 1 | |
| Staff of Preservation | 1 | |
| Scroll of Regeneration | 1 | |
3 total
WorldPeace4all (
green | 64 APM | 975 actions | 15:18)
2 Blademaster
1 Wind Walk
1 Critical Strike
2 Tauren Chieftain
1 War Stomp
1 Endurance Aura
» actions
| Assign group hotkey | 39 | |
| Basic commands | 54 | |
| Build / train | 38 | |
| Enter build submenu | 18 | |
| Enter hero's abilities submenu | 4 | |
| Right click | 412 | |
| Select / deselect | 198 | |
| Select group hotkey | 143 | |
| Use ability | 69 | |
975 total
» units
» upgrades
| Berserker Strength | 1 | |
| Shaman Training | 1 | |
2 total
» buildings
| Altar of Storms | 1 | |
| Orc Burrow | 6 | |
| Barracks | 1 | |
| Stronghold | 3 | |
| Voodoo Lounge | 2 | |
| Fortress | 2 | |
| Spirit Lodge | 2 | |
| War Mill | 1 | |
| Tauren Totem | 2 | |
20 total
» build order
00:10 Altar of Storms
00:26 Orc Burrow
01:11 Barracks
01:42 Orc Burrow
03:28 Stronghold
03:28 Stronghold
04:35 Voodoo Lounge
04:46 Orc Burrow
06:39 Fortress
07:06 Spirit Lodge
07:56 Orc Burrow
09:26 Voodoo Lounge
09:34 War Mill
10:28 Spirit Lodge
12:53 Orc Burrow
13:25 Tauren Totem
13:28 Tauren Totem
15:12 Orc Burrow
» items
| Boots of Speed | 1 | |
| Healing Salve | 1 | |
| Scroll of Town Portal | 1 | |
| Potion of Healing | 1 | |
4 total
team 2 (winner)
CoLeGePaRtYeR17 (
teal | 97 APM | 1487 actions | 15:19)
4 Paladin
2 Holy Light
2 Devotion Aura
3 Goblin Alchemist
1 Acid Bomb
2 Chemical Rage
» actions
| Assign group hotkey | 44 | |
| Basic commands | 65 | |
| Build / train | 57 | |
| ESC pressed | 1 | |
| Enter build submenu | 20 | |
| Enter hero's abilities submenu | 8 | |
| Right click | 726 | |
| Select / deselect | 321 | |
| Select group hotkey | 187 | |
| Use ability | 58 | |
1487 total
» units
| Peasant | 10 | |
| Rifleman | 17 | |
| Priest | 5 | |
32 total
» upgrades
| Gunpowder | 2 | |
| Long Rifles | 1 | |
| Armor | 2 | |
| Priest Training | 1 | |
6 total
» buildings
| Barracks | 1 | |
| Farm | 11 | |
| Blacksmith | 1 | |
| Altar of Kings | 1 | |
| Scout Tower | 1 | |
| Arcane Vault | 1 | |
| Arcane Tower | 1 | |
| Keep | 1 | |
| Arcane Sanctum | 1 | |
| Lumber Mill | 1 | |
| Castle | 1 | |
21 total
» build order
00:04 Barracks
00:18 Farm
00:30 Blacksmith
01:13 Altar of Kings
01:29 Farm
02:09 Farm
02:39 Scout Tower
02:50 Farm
02:59 Arcane Vault
03:31 Arcane Tower
04:52 Keep
05:48 Farm
07:26 Arcane Sanctum
07:28 Lumber Mill
10:18 Farm
10:19 Farm
12:12 Castle
12:20 Farm
12:41 Farm
13:01 Farm
13:02 Farm
» items
| Dust of Appearance | 1 | |
| Scroll of Regeneration | 1 | |
| Lesser Clarity Potion | 1 | |
| Scroll of Town Portal | 1 | |
4 total
CORRUPTEDEVIL (
orange | 103 APM | 1585 actions | 15:19)
4 Keeper of the Grove
2 Entangling Roots
2 Thorns Aura
» actions
| Assign group hotkey | 92 | |
| Basic commands | 51 | |
| Build / train | 43 | |
| ESC pressed | 1 | |
| Enter build submenu | 12 | |
| Enter hero's abilities submenu | 4 | |
| Remove unit from queue | 1 | |
| Right click | 767 | |
| Select / deselect | 139 | |
| Select group hotkey | 431 | |
| Use ability | 44 | |
1585 total
» units
| Wisp | 14 | |
| Huntress | 8 | |
| Glaive Thrower | 2 | |
24 total
» upgrades
| Moon Armor | 1 | |
| Strength of the Moon | 1 | |
| Ultravision | 1 | |
3 total
» buildings
| Altar of Elders | 1 | |
| Moon Well | 4 | |
| Hunter's Hall | 1 | |
| Ancient of War | 2 | |
| Tree of Life | 1 | |
9 total
» build order
00:09 Altar of Elders
00:18 Moon Well
02:05 Hunter's Hall
02:09 Ancient of War
02:13 Ancient of War
02:30 Moon Well
03:34 Moon Well
05:53 Tree of Life
07:53 Moon Well
» items
| Potion of Healing | 2 | |
| Potion of Mana | 2 | |
| Scroll of Healing | 3 | |
| Scroll of Town Portal | 1 | |
| Scroll of Protection | 1 | |
9 total
GODIEPLZ (
red | 134 APM | 2052 actions | 15:19)
5 Death Knight
3 Death Coil
2 Unholy Aura
3 Lich
2 Frost Nova
1 Frost Armor
1 Crypt Lord
1 Impale
» actions
| Assign group hotkey | 23 | |
| Basic commands | 116 | |
| Build / train | 57 | |
| Enter build submenu | 11 | |
| Enter hero's abilities submenu | 9 | |
| Give item / drop item | 2 | |
| Remove unit from queue | 1 | |
| Right click | 981 | |
| Select / deselect | 411 | |
| Select group hotkey | 360 | |
| Use ability | 81 | |
2052 total
» units
| Acolyte | 2 | |
| Ghoul | 3 | |
| Crypt Fiend | 12 | |
| Obsidian Statue | 3 | |
20 total
» upgrades
| Creature Attack | 3 | |
| Burrow | 1 | |
| Creature Carapace | 2 | |
| Destroyer Form | 1 | |
| Web | 1 | |
8 total
» buildings
| Crypt | 1 | |
| Graveyard | 1 | |
| Altar of Darkness | 1 | |
| Ziggurat | 6 | |
| Tomb of Relics | 1 | |
| Nerubian Tower | 1 | |
| Halls of the Dead | 1 | |
| Slaughterhouse | 1 | |
| Black Citadel | 1 | |
14 total
» build order
00:06 Crypt
00:20 Graveyard
00:31 Altar of Darkness
00:48 Ziggurat
01:15 Tomb of Relics
01:52 Ziggurat
02:01 Nerubian Tower
04:41 Halls of the Dead
05:16 Ziggurat
06:12 Ziggurat
07:13 Slaughterhouse
08:13 Ziggurat
09:35 Black Citadel
12:10 Ziggurat
» items
| Rod of Necromancy | 3 | |
| Dust of Appearance | 3 | |
| Scroll of Regeneration | 1 | |
| Lesser Clarity Potion | 1 | |
| Scroll of Town Portal | 2 | |
| Orb of Corruption | 1 | |
| Potion of Lesser Invulnerability | 1 | |
| Scroll of Healing | 1 | |
13 total
Chat log
(00:12 / All) CORRUPTEDEVIL: my ally is [vl.r*l4d] Byung AND IM [FLUFFER] CORR
(00:34 / All) CORRUPTEDEVIL: JUST TO LET U GUYS KNOW ;d
(00:40 / All) DucksNpie: cool story bro
(00:45 / All) GODIEPLZ: shut up 4chan nerd
(00:45 / All) CORRUPTEDEVIL: THX BRO
(00:50 / All) DucksNpie: 4what?
(00:53 / All) GODIEPLZ: LOL SO FUNNY COOL STORY MAN
(00:54 / All) GODIEPLZ: LOOOL BRO
(01:15 / All) CORRUPTEDEVIL: bros
(01:17 / All) CORRUPTEDEVIL: teal is the best
(01:20 / All) CORRUPTEDEVIL: pyromancer
(01:21 / All) CORRUPTEDEVIL: on vent
(02:00 / All) CORRUPTEDEVIL: my ally is [vl.r*l4d] Byung AND IM [FLUFFER] CORR
(02:42 / All) DucksNpie: well im 4k.grubby, my allies here are lucifron and moon
(02:53 / All) CORRUPTEDEVIL: red plays comp l4d2
(02:54 / All) CORRUPTEDEVIL: bro
(02:57 / All) CORRUPTEDEVIL: u just mad
(03:03 / All) DucksNpie: nou
(08:34 / All) CORRUPTEDEVIL: COMP L4D2 PLAYER BEATS GRUBBY MOON AND LUCIFRON
(08:41 / All) CORRUPTEDEVIL: THATS A COOL STORY
(08:42 / All) CORRUPTEDEVIL: BROS
(08:49 / All) DucksNpie: Well, dicks.
(14:11 / All) DucksNpie: i'm your friend.. don't run
(14:18 / All) CORRUPTEDEVIL: cool am bro
(14:27 / All) DucksNpie: cool fiends dyde
(14:28 / All) CORRUPTEDEVIL: cool bm bro
(14:37 / All) CORRUPTEDEVIL: cool tc bro
(14:45 / All) DucksNpie: cool nigger nigger
(15:03 / All) GODIEPLZ: Isnt the point of wc3 to kill units
(15:14 / All) CORRUPTEDEVIL: cool shit bro